 Dungeon Crawl Stone Soup version 0.19-a0-1740-g0bcaf2e (webtiles) character file.

1180 4thArraOfDagon the Carver (level 8, -1/70 HPs)
             Began as a Minotaur Monk on Oct 1, 2016.
             Was an Elder of Okawaru.
             Slain by a river rat (3 damage)
             ... while paralysed
             ... on level 2 of the Lair of Beasts.
             The game lasted 00:05:32 (1155 turns).

4thArraOfDagon the Carver (Minotaur Monk)           Turns: 1155, Time: 00:05:34

Health: -1/70      AC:  7    Str: 16      XL:     8   Next: 19%
Magic:  9/9        EV:  2    Int:  6 (7)  God:    Okawaru [****..]
Gold:   115        SH:  0    Dex: 15      Spells: 0 memorised, 9 levels left

rFire  + . .     SeeInvis .     a - +0 falchion
rCold  + . .     Gourm    .     s - +0 ring mail
rNeg   . . .     Faith    .     (no shield)
rPois  .         Spirit   .     (helmet restricted)
rElec  .         Dismiss  .     (no cloak)
rCorr  .         Reflect  .     (no gloves)
MR     .....     Harm     .     (no boots)
Stlth  +.........               (no amulet)
                                (no ring)
                                i - ring of protection from cold

@: paralysed, exhausted, slowed
A: retaliatory headbutt, horns 2, molten scales 1, blurry vision 1, fire
resistance 1
a: Heroism, Renounce Religion


You were on level 2 of the Lair of Beasts.
You worshipped Okawaru.
Okawaru was greatly pleased with you.
You were not hungry.

You visited 3 branches of the dungeon, and saw 11 of its levels.

You collected 115 gold pieces.

Inventory:

Hand Weapons
 a - a +0 falchion (weapon)
 r - a +0 short sword
Armour
 b - a +0 robe
 s - a +0 ring mail (worn)
Jewellery
 i - a ring of protection from cold (left hand)
Wands
 q - a wand of confusion (22/48)
 v - a wand of iceblast (1/15)
Scrolls
 d - a scroll of immolation {unknown}
 n - a scroll of enchant armour {unknown}
 p - 2 scrolls of recharging
 t - a scroll of teleportation {unknown}
 w - a scroll of magic mapping {unknown}
Potions
 h - 5 potions of haste {unknown}
Comestibles
 c - 2 bread rations
 j - a royal jelly
 l - a beef jerky
 m - a meat ration


   Skills:
 + Level 6.1 Fighting
 * Level 8.2 Long Blades
 + Level 5.7 Dodging
 - Level 1.9 Stealth
 - Level 1.3 Spellcasting
 + Level 3.5 Invocations


You had 9 spell levels left.
You didn't know any spells.

Dungeon Overview and Level Annotations

Branches:
Dungeon (8/15)             Temple (1/1) D:4            Lair (2/6) D:8
  Swamp: Lair:2-4    Shoals: Lair:2-4     Snake: Lair:2-4    Spider: Lair:2-4

Altars:
Ashenzari
Cheibriados
Dithmenos
Elyvilon
Gozag
Hepliaklqana
Makhleb
Nemelex Xobeh
Okawaru
Qazlal
Ru
Sif Muna
Uskayaw
Vehumet
Xom
Yredelemnul
Zin
The Shining One


Innate Abilities, Weirdness & Mutations

You reflexively headbutt those who attack you in melee.
You have a pair of horns on your head.
You are partially covered in molten scales. (AC +2)
Scrolls take you a little longer to read.
Your flesh is heat resistant. (rF+)


Message History

The komodo dragon is almost dead.
You closely miss the komodo dragon. Your headbutt misses the komodo dragon.
The komodo dragon is almost dead.
The komodo dragon bites you!
* * * LOW HITPOINT WARNING * * *
You barely miss the komodo dragon. You headbutt the komodo dragon.
You kill the komodo dragon!
Okawaru is honoured by your kill.
You feel your intelligence returning.
Your Fighting skill increases to level 6!
Your Long Blades skill increases to level 8!
You have reached level 8!
You feel stronger.
You are no longer berserk.
You pass out from exhaustion.
You feel yourself slow down. The river rat bites you.
* * * LOW HITPOINT WARNING * * *
The river rat bites you.
You die...

# ### ##
..##P###.###.##.#.#
..........r@.....#
#......#######..#
..#....#.##.###..#
..#....#.........#
..P....##........#
....... #l.......#
........##....P...#
...%.....##........#
..........##Y...##..#


You could see a river rat.

Vanquished Creatures
  2 komodo dragons (Lair:2)
  2 water moccasins
  A porcupine (Lair:1)
  An ogre (D:8)
  3 bullfrogs
  An orc priest (D:8)
  An iguana (Lair:2)
  3 adders
  2 worms
  2 dart slugs
  3 leopard geckos
  4 orcs
  2 bats
  3 goblins
  2 jackals (D:7)
  A quokka (D:3)
  A frilled lizard (D:1)
  2 kobolds
  A quokka zombie (D:5)
  A rat (D:3)
38 creatures vanquished.

Vanquished Creatures (others)
  A fungus (Lair:2)
1 creature vanquished.

Grand Total: 39 creatures vanquished

Notes
Turn   | Place    | Note
-------+----------+-------------------------------------------
     0 | D:1      | 4thArraOfDagon the Minotaur Monk began the quest for the Orb.
     0 | D:1      | Reached XP level 1. HP: 19/19 MP: 0/0
    69 | D:2      | Reached XP level 2. HP: 18/26 MP: 1/1
    90 | D:2      | Reached skill level 1 in Spellcasting
   138 | D:2      | Found a shadowy altar of Dithmenos.
   182 | D:2      | Reached skill level 4 in Long Blades
   182 | D:2      | Reached XP level 3. HP: 20/33 MP: 3/3
   369 | D:4      | Found a staircase to the Ecumenical Temple.
   376 | Temple   | Entered the Ecumenical Temple
   433 | Temple   | Became a worshipper of Warmaster Okawaru
   433 | Temple   | Reached * piety under Okawaru
   433 | Temple   | Reached ** piety under Okawaru
   592 | D:5      | Entered Level 5 of the Dungeon
   663 | D:5      | Noticed an ogre
   765 | D:7      | Noticed a bullfrog
   766 | D:7      | Noticed a water moccasin
   774 | D:7      | Killed a bullfrog
   774 | D:7      | Reached XP level 4. HP: 22/40 MP: 1/4
   791 | D:7      | Killed a water moccasin
   791 | D:7      | Reached skill level 5 in Long Blades
   791 | D:7      | Reached skill level 1 in Invocations
   791 | D:7      | Reached XP level 5. HP: 38/47 MP: 0/5
   901 | D:8      | Noticed an ogre
   908 | D:8      | Killed an ogre
   908 | D:8      | Reached XP level 6. HP: 46/53 MP: 3/6
   954 | D:8      | Found a staircase to the Lair.
   981 | D:8      | Noticed an orc warrior
   986 | D:8      | Reached skill level 6 in Long Blades
   998 | Lair:1   | Entered Level 1 of the Lair of Beasts
  1012 | Lair:1   | Reached *** piety under Okawaru
  1031 | Lair:1   | Noticed a porcupine
  1035 | Lair:1   | Killed a porcupine
  1035 | Lair:1   | Reached skill level 5 in Fighting
  1046 | Lair:1   | Noticed a spiny frog
  1069 | Lair:2   | Reached XP level 7. HP: 42/61 MP: 7/7
  1085 | Lair:2   | Noticed a komodo dragon
  1093 | Lair:2   | Noticed a komodo dragon
  1093 | Lair:2   | Noticed a komodo dragon
  1103 | Lair:2   | Noticed a yak
  1107 | Lair:2   | Noticed a yak
  1132 | Lair:2   | Gained mutation: You are partially covered in molten scales. (AC +2) [potion of mutation]
  1132 | Lair:2   | Gained mutation: Scrolls take you a little longer to read. [potion of mutation]
  1132 | Lair:2   | Gained mutation: Your flesh is heat resistant. (rF+) [potion of mutation]
  1137 | Lair:2   | Reached skill level 7 in Long Blades
  1137 | Lair:2   | Reached skill level 5 in Dodging
  1145 | Lair:2   | Killed a komodo dragon
  1145 | Lair:2   | Reached **** piety under Okawaru
  1151 | Lair:2   | HP: 2/93 [komodo dragon (7)]
  1152 | Lair:2   | Killed a komodo dragon
  1152 | Lair:2   | Reached skill level 8 in Long Blades
  1152 | Lair:2   | Reached XP level 8. HP: 2/70 MP: 9/9
  1155 | Lair:2   | Slain by a river rat

Vault maps used:
D:1:      saegor_arrival_simple_f
D:2:      lemuel_round_altar, serial_forest, infiniplex_forest_lined_3,
          infiniplex_forest_clump_diagonal, infiniplex_forest_clump_double,
          infiniplex_forest_end_1, infiniplex_forest_fountain
D:4:      grunt_temple_overflow_growth_and_decay, elyvilon_altar_4,
          uniq_menkaure
D:5:      lemuel_ratsnest, first_bread
D:6:      nicolae_ru_the_path_less_chosen
D:7:      kennysheep_windowed_halls, grunt_ogre_cave, trog_butcher_becter
D:8:      lair_0_dummy
Temple:   regret_index_temple_mists
Lair:1:   grunt_megastairs_1
Lair:2:   serial_bayou_shore_a

Skill      XL: |  1  2  3  4  5  6  7 |
---------------+----------------------+-----
Spellcasting   | 1 |  1.3
Long Blades    | 4 5 6 8 |  8.2
Fighting       | 4 5 6 |  6.1
Dodging        | 4 5 |  5.7
Invocations    | 1 2 3 |  3.5
Stealth        | |  1.9

Action                   |  1- 3 |  4- 6 |  7- 9 || total
-------------------------+-------+-------+-------++-------
Melee: Falchion          |    70 |    42 |    26 ||   138
       Headbutt          |    11 |     7 |     2 ||    20
Invok: Heroism           |     2 |     4 |       ||     6
Evoke: Wand              |       |     5 |       ||     5
  Use: Scroll            |     5 |       |     1 ||     6
       Potion            |       |     1 |     6 ||     7
 Stab: Sleeping          |     3 |       |       ||     3
  Eat: Pizza             |       |     1 |       ||     1
Armor: Robe              |     4 |       |       ||     4
       Skin              |       |    17 |     7 ||    24
Dodge: Dodged            |    39 |    18 |    10 ||    67
